 Dungeon Crawl Stone Soup version 0.22-a0-512-g0943f25 (webtiles) character file.

50 Gorglomux the Skirmisher (level 3, -4/34 HPs)
             Began as a Naga Fighter on June 18, 2018.
             Slain by a worm (7 damage)
             ... on level 2 of the Dungeon.
             The game lasted 00:01:43 (1125 turns).

Gorglomux the Skirmisher (Naga Fighter)             Turns: 1125, Time: 00:01:44

Health: -4/34      AC:  7    Str: 19    XL:     3   Next: 79%
Magic:  3/3        EV:  1    Int:  8    God:
Gold:   82         SH:  8    Dex: 10    Spells: 2/2 levels left

rFire    . . .     SeeInvis +   a - +0 war axe
rCold    . . .     Gourm    .   c - +0 shield
rNeg     . . .     Faith    .   s - +0 plate armour
rPois    +         Spirit   .   (no helmet)
rElec    .         Reflect  .   (no cloak)
rCorr    .         Harm     .   (no gloves)
MR       .....                  (no barding)
Stlth    ..........             (no amulet)
HPRegen  0.11/turn              (no ring)
MPRegen  0.08/turn              (no ring)

@: very slow
A: large, see invisible, deformed body, poison resistance, slowness 2, slow
metabolism 1, spit poison 1, AC +1
a: Spit Poison


You were on level 2 of the Dungeon.
You were hungry.

You visited 1 branch of the dungeon, and saw 2 of its levels.

You collected 82 gold pieces.

Inventory:

Hand Weapons
 a - a +0 war axe (weapon)
Armour
 c - a +0 shield (worn)
 s - a +0 plate armour (worn)
Jewellery
 k - an uncursed ring of stealth {unknown}
Scrolls
 g - a scroll of blinking {unknown}
 i - 4 scrolls of identify {unknown}
 m - a scroll of amnesia {unknown}
 n - a scroll of immolation {unknown}
 p - a scroll of teleportation {unknown}
 q - a scroll of enchant armour {unknown}
Potions
 d - 2 potions of might
 h - a potion of curing {unknown}
 l - a potion of berserk rage {unknown}
 r - a potion of brilliance {unknown}
Comestibles
 f - 4 rations
 t - 3 chunks of flesh


   Skills:
 + Level 3.4 Fighting
 + Level 2.6 Axes
 + Level 2.8 Armour
 + Level 2.8 Shields


You had 2 spell levels left.
You didn't know any spells.
Your spell library was empty.

Dungeon Overview and Level Annotations

Branches:
Dungeon (2/15)

Altars:


Innate Abilities, Weirdness & Mutations

You cannot wear boots.
Your serpentine skin is tough. (AC +1)
You have supernaturally acute eyesight. (SInv)
Armour fits poorly on your strangely shaped body.
Your system is resistant to poisons. (rPois)
You cover ground very slowly.
You have a slow metabolism.
You can spit poison.


Message History

Press: ? - help, Shift-Dir - straight line, f - worm
Aim: a worm The splash of poison hits the worm!
The worm is moderately wounded!
Butt feel slightly more hungry!
You cut the worm but do no damage!
The worm is lightly wounded!
The worm bites you but does no damage!
You completely miss the worm!
The worm is lightly wounded!
You have got your breath back!
The worm bites you! * * * don't die
* * * Your shield and plate armour prevent you from hitting the worm!
The worm is lightly wounded!
The worm butts you! * * * don't die
* * *
Okay, then!
The worm bites you!!! rip

. ##....†?.......
. #...####.......
.##.#)# .......
..#...# #.......
#....####........
.....##...##.....
...#....# #####
........## ######
.###.##..# #..@.#
#
#..##.#####.w..#
##.............#
###.#...>.....#
#....####)<..#
....### #(...#
.###.# #....# #.
#.# ###### # #..


You could see a worm.

Vanquished Creatures
  2 adders (D:2)
  A dart slug (D:2)
  6 goblins (D:1)
  2 hobgoblins
  6 jackals
  4 kobolds (D:1)
  4 bats
  6 rats
31 creatures vanquished.

Notes
Turn   | Place    | Note
-------+----------+-------------------------------------------
     0 | D:1      | Gorglomux the Naga Fighter began the quest for the Orb.
     0 | D:1      | Reached XP level 1. HP: 21/21 MP: 1/1
   168 | D:1      | Reached XP level 2. HP: 28/28 MP: 2/2
  1062 | D:2      | Reached XP level 3. HP: 22/34 MP: 3/3
  1125 | D:2      | Slain by a worm

Vault maps used:
D:1:      scummos_arrival_gate
D:2:      grunt_ministairs_1

Action                   || total
-------------------------++-------
Melee: War axe           ||   122
 Abil: Spit Poison       ||     4
Armor: Scale mail        ||    60
       Plate armour      ||    51
Dodge: Dodged            ||    37
Block: Shield            ||    74

Table legend:
 A = Spawn XP
 B = Non-spawn XP
 C = Spawn XP percentage of total XP
 D = Spawn monster count
 E = Non-spawn monster count
 F = Spawn count percentage of total count
 G = Total turns spent on level
                    A         B        C        D         E        F      G
               +---------+---------+-------+---------+---------+-------+---------
         Total |       0 |      72 |   0.0 |       0 |      31 |   0.0 |  1125
               +---------+---------+-------+---------+---------+-------+---------
           D:1 |       0 |      27 |   0.0 |       0 |      20 |   0.0 |  1020
           D:2 |       0 |      45 |   0.0 |       0 |      11 |   0.0 |   105
               +---------+---------+-------+---------+---------+-------+---------
